Map: Lost and Found LE

Players

HellraiseR

  • Race: Protoss Protoss
  • League: Master
  • Spawn Location: 7:00

soO - Winner!

  • Race: Zerg Zerg
  • League: Master
  • Spawn Location: 1:00

Event: HomeStory Cup XVIII

VOD

Have the link to the VOD?

Description

Time

  • Played on: Nov. 23, 2018, 12:14 p.m.
  • Length: 3:20

All games in this series

Show
View Real Time Build Order
Export as new Build Order

HellraiseR Protoss 

Build Orders:  

Get SALT Encoding   

  12  0:00  Probe  
  13  0:12  Probe  
  14  0:17  Pylon  
  14  0:21  Probe  
  15  0:31  Probe  
  16  0:37  Forge  
  17  0:54  Pylon  
  16  1:03  Probe  
  17  1:06  Pylon  
  17  1:08  Pylon  
  17  1:13  Photon Cannon  
  17  1:25  Gateway  
  17  1:27  Probe  
  18  1:34  Assimilator  
  18  1:39  Assimilator, Probe  
  19  1:52  Probe  
  20  1:57  Photon Cannon  
  20  2:04  Probe  
  21  2:15  Cybernetics Core  
  21  2:17  Zealot  
  23  2:30  Pylon  
  23  2:36  Photon Cannon  
  23  2:42  Stalker  
  23  2:52  Robotics Facility  
  23  2:55  Shield Battery  
  25  3:02  Shield Battery  
  25  3:07  Pylon  
Show
View Real Time Build Order
Export as new Build Order

soO Zerg - Winner!

Build Orders: Pool Only 

Get SALT Encoding   

  12  0:01  Drone  
  13  0:12  Overlord  
  13  0:16  Drone  
  14  0:30  Drone  
  14  0:31  Drone  
  14  0:34  Drone  
  17  0:45  Extractor, Spawning Pool  
  17  0:48  Drone  
  16  0:56  Drone  
  17  1:08  Drone  
  18  1:30  Overlord  
  18  1:34  Roach Warren  
  18  1:35  Drone  
  18  1:36  Queen  
  20  1:40  Drone  
  21  1:50  Zergling x2  
  21  1:52  Extractor  
  21  2:14  Roach x2  
  25  2:22  Roach  
  27  2:32  Overlord  
  27  2:34  Ravager x2  
  29  2:42  Ravager  
  30  2:57  Roach x2  
Tags
 
Add a new tag
Caveats
  • Supply blocks, unpowered buildings, or Contaminate may cause inaccurate times.
  • Supply counts are checked every 10 seconds.